 Dungeon Crawl Stone Soup version 0.23-a0-183-gf37f6fb (webtiles) character file.

12 Amnesiac the Skirmisher (level 2, 0/24 HPs)
             Began as a Mummy Monk on Sept 21, 2018.
             Slain by a hobgoblin
             ... wielding a +0 club
              (3 damage)
             ... on level 3 of the Dungeon.
             The game lasted 00:00:30 (59 turns).

Amnesiac the Skirmisher (Mummy Monk)                  Turns: 59, Time: 00:00:30

Health: 0/24       AC:  2    Str: 14    XL:     2   Next: 20%
Magic:  2/2        EV: 13    Int:  9    God:
Gold:   0          SH:  0    Dex: 14    Spells: 1/1 levels left

rFire    x . .     SeeInvis .   a - +0 short sword
rCold    + . .     Gourm    .   (no shield)
rNeg     + + +     Faith    .   b - +0 robe
rPois    ∞         Spirit   .   (no helmet)
rElec    .         Reflect  .   (no cloak)
rCorr    .         Harm     .   (no gloves)
MR       .....                  (no boots)
Stlth    ++........             (no amulet)
HPRegen  0.08/turn              (no ring)
MPRegen  0.08/turn              (no ring)

@: no status effects
A: no food or potions, fire vulnerability, cold resistance 1, negative energy
resistance 3, torment resistance, unbreathing
a: no special abilities


You were on level 3 of the Dungeon.
You were not hungry.

You visited 1 branch of the dungeon, and saw 3 of its levels.

Inventory:

Hand Weapons
 a - a +0 short sword (weapon)
Armour
 b - a +0 robe (worn)


   Skills:
 + Level 3.2 Fighting
 - Level 2.4 Short Blades
 * Level 2.8 Dodging
 - Level 1.5 Stealth


You had one spell level left.
You didn't know any spells.
Your spell library was empty.

Dungeon Overview and Level Annotations

Branches:
Dungeon (3/15)

Altars:
Ru
Xom


Innate Abilities, Weirdness & Mutations

You do not eat or drink.
Your flesh is vulnerable to fire.
You are immune to poison.
Your flesh is cold resistant. (rC+)
You are immune to negative energy. (rN+++)
You are immune to unholy pain and torment.
You can survive without breathing.


Message History

The giant cockroach barely misses you.
You hit the giant cockroach but do no damage.
The giant cockroach is almost dead.
The giant cockroach barely misses you.
You hit the giant cockroach.
You kill the giant cockroach!
No target in view!
There is an escape hatch in the floor here.
You slide downwards.
The hatch slams shut behind you.
An adder and an orc come into view.
Found a stone staircase leading down.
Unknown command.
The orc shouts!
The adder hisses angrily.
A quokka comes into view.
A gnoll and an orc come into view.
The orc shouts!
You hear a shout!
The gnoll moves out of view.
A hobgoblin comes into view. It is wielding a club.
Found 2 golden potions.
The hobgoblin shouts!
An orc comes into view. It is wielding a club.
A rat comes into view.
Found a stone staircase leading up.
The orc shouts!
Found a ration.
The rat bites you. The orc barely misses you. The adder barely misses you.
The orc hits you with a club.
You hit the rat.
You kill the rat!
The orc hits you but does no damage. The adder barely misses you.
The orc hits you with a club. The orc closely misses you. The orc hits you.
The adder bites you.
* * * LOW HITPOINT WARNING * * *
The orc hits you.
* * * LOW HITPOINT WARNING * * *
You open the door. The orc barely misses you. x2
The adder closely misses you. The adder bites you.
* * * LOW HITPOINT WARNING * * *
Found a shimmering altar of Xom and a sacrificial altar of Ru.
There is an open door here.
You closely miss the adder. The adder bites you but does no damage.
You barely miss the adder. The adder bites you.
* * * LOW HITPOINT WARNING * * *
You hit the adder.
The adder is heavily wounded.
The adder barely misses you.
You hit the adder.
You kill the adder!
You have reached level 2!
You closely miss the hobgoblin. The hobgoblin hits you with a club.
* * * LOW HITPOINT WARNING * * *
You closely miss the hobgoblin.
The hobgoblin hits you but does no damage.
You aren't carrying any scrolls.
You hit the hobgoblin but do no damage. The hobgoblin completely misses you.
You barely miss the hobgoblin. The hobgoblin hits you with a club.
* * * LOW HITPOINT WARNING * * *
You closely miss the hobgoblin. The hobgoblin misses you.
You closely miss the hobgoblin. The hobgoblin misses you.
You hit the hobgoblin.
The hobgoblin is almost dead.
The hobgoblin hits you with a club.
You die...

##...## ##.........
##.....## #.........#
#.......#...#..#####
#.......#.###..### .
#..r.......##....#####..
#....>....#####..........
#...........#_ #..........
............#.##o.........
#.#.......#.#.@go.........
..#.......#.#.##o.........
##....... #_ #..........
## #.<........ ...........
.....%.##### ..........
......###.


You could see 3 orcs and a hobgoblin.

Vanquished Creatures
  An adder (D:3)
  A giant cockroach (D:2)
  A kobold (D:2)
  A rat (D:3)
4 creatures vanquished.

Notes
Turn   | Place    | Note
-------+----------+-------------------------------------------
     0 | D:1      | Amnesiac the Mummy Monk began the quest for the Orb.
     0 | D:1      | Reached XP level 1. HP: 18/18 MP: 1/1
    48 | D:3      | Found a shimmering altar of Xom.
    48 | D:3      | Found a sacrificial altar of Ru.
    52 | D:3      | Reached XP level 2. HP: 5/24 MP: 2/2
    59 | D:3      | Slain by a hobgoblin

Vault maps used:
D:1:      dpeg_arrival_refuge, st_stairs_10, minmay_misc_feat_four_crosses,
          grunt_decor_one_mirror
D:2:      bloody_trog, trog_hazing_becter
D:3:      lemuel_crystal_altar, gammafunk_temple_overflow_elements

Action                   || total
-------------------------++-------
Melee: Short sword       ||    18
 Stab: Sleeping          ||     1
Armor: Robe              ||     4
Dodge: Dodged            ||    15

Table legend:
 A = Non-vault XP
 B = Vault XP
 C = Vault XP percentage of total XP
 D = Non-vault monster count
 E = Vault monster count
 F = Vault count percentage of total count
                 A         B        C        D         E       F
            +---------+---------+-------+---------+---------+-------
      Total |      18 |       0 |   0.0 |       4 |       0 |   0.0
            +---------+---------+-------+---------+---------+-------
        D:2 |       4 |       0 |   0.0 |       2 |       0 |   0.0
        D:3 |      14 |       0 |   0.0 |       2 |       0 |   0.0
            +---------+---------+-------+---------+---------+-------
